 Dungeon Crawl Stone Soup version 0.29-a0-22-gbf593b16ee (webtiles) character file.

Game seed: 17124099942248640429

13 innerfire433 the Covered (level 2, -1/19 HPs)
             Began as a Demonspawn Wanderer on Jan 29, 2022.
             Slain by a jackal (3 damage)
             ... on level 2 of the Dungeon.
             The game lasted 00:00:56 (966 turns).

innerfire433 the Covered (Demonspawn Wanderer)       Turns: 966, Time: 00:00:56

Health: -1/19      AC:  9    Str: 14    XL:     2   Next: 24%
Magic:  5/5        EV:  6    Int: 13    God:
Gold:   18         SH:  4    Dex: 10    Spells: 5/5 levels left

rFire   . . .      SeeInvis .   a - +0 club
rCold   . . .      Faith    .   (no shield)
rNeg    . . .      Spirit   .   c - +0 chain mail
rPois   .          Reflect  .   (no helmet)
rElec   .          Harm     .   (no cloak)
rCorr   .          Rampage  .   (no gloves)
Will    .....                   (no boots)
Stlth   ..........              (no amulet)
HPRegen 0.06/turn               (no ring)
MPRegen 0.09/turn               (no ring)

@: no status effects
A: large bone plates 1
a: no special abilities


You were on level 2 of the Dungeon.
You visited 1 branch of the dungeon, and saw 2 of its levels.

You collected 18 gold pieces.

Inventory:

Hand Weapons
 a - a +0 club (weapon)
Armour
 c - a +0 chain mail (worn)
Potions
 d - a potion of heal wounds {unknown}
 e - a potion of resistance {unknown}
Miscellaneous
 b - a piece from Xom's chessboard (15/15) (quivered)


   Skills:
 + Level 0.1 Maces & Flails
 - Level 3.7 Armour
 + Level 2.2 Spellcasting
 + Level 2.9 Transmutations
 - Level 1.3 Evocations


You had 5 spell levels left.
You didn't know any spells.
Your spell library contained the following spells:

 Spells                   Type           Power      Damage    Failure   Level
 Wereblood                Tmut           9%         N/A       95%         2
 Passwall                 Tmut/Erth      4%         N/A       99%         2


Dungeon Overview and Level Annotations

Branches:
Dungeon (1/15)

Altars:


Innate Abilities, Weirdness & Mutations

You are partially covered in large bone plates. (SH +4)


Message History

The jackal barely misses you.
The jackal bites you but does no damage.
You hit the jackal but do no damage.
The jackal is moderately wounded.
The jackal bites you but does no damage. x4
You barely miss the jackal.
The jackal is moderately wounded.
You block the jackal's attack. The jackal closely misses you.
The jackal bites you but does no damage.
You hit the jackal.
You kill the jackal!
The jackal bites you but does no damage.
The jackal completely misses you. The jackal barely misses you.
You see here a jackal corpse.
The jackal bites you but does no damage.
The jackal bites you but does no damage. x2
You see here a jackal corpse.
You hit the jackal but do no damage.
The jackal bites you but does no damage.
You closely miss the jackal. The jackal closely misses you.
The jackal bites you but does no damage.
You hit the jackal.
The jackal is almost dead.
The jackal bites you but does no damage.
The jackal barely misses you.
You hit the jackal but do no damage.
The jackal is almost dead.
The jackal bites you but does no damage.
You block the jackal's attack.
You hit the jackal but do no damage.
The jackal is almost dead.
The jackal barely misses you.
The jackal bites you but does no damage.
You hit the jackal but do no damage.
The jackal is severely wounded.
You block the jackal's attack.
You barely miss the jackal.
The jackal is severely wounded.
The jackal bites you.
You die...

### ..# #..# #.#
#..# #.#
###..####.#
........#.#
#..##.#.#
##.......#######
#.......@h......
##.......####...
##.###### #.#
#.# #+#


You could see a jackal.

Vanquished Creatures
  2 giant cockroaches (D:1)
  A hobgoblin (D:1)
  4 jackals
  A kobold (D:1)
  A quokka (D:1)
  A ball python (D:1)
10 creatures vanquished.

Notes
Turn   | Place    | Note
-------+----------+-------------------------------------------
     0 | D:1      | innerfire433 the Demonspawn Wanderer began the quest for
                  | the Orb.
     0 | D:1      | innerfire433 set off with the following items: a +0 club, a
                  | piece from Xom's chessboard (15/15), a +0 chain mail; and
                  | the following spells available to memorise: Wereblood,
                  | Passwall
     0 | D:1      | Reached XP level 1. HP: 13/13 MP: 3/3
   390 | D:1      | Gained mutation: You are partially covered in large bone
                  | plates. (SH +4) [demonic ancestry]
   390 | D:1      | Reached XP level 2. HP: 3/19 MP: 5/5
   930 | D:1      | You fall into a shaft and drop 1 floor!
   966 | D:2      | Slain by a jackal

Illustrated notes

Levels and vault maps discovered:
D:1:      dpeg_arrival_houses_and_road, layout_basic
D:2:      layout_loops_corners, minmay_pentomino_t4

Action                   || total
-------------------------++-------
Melee: Club              ||    87
Armor: Chain mail        ||    85
Dodge: Dodged            ||    35
Block: Other             ||    11

Table legend: (Time is in decaauts)
 A = Elapsed time spent in this place.
 B = Non-inter-level travel time spent in this place.
 C = Inter-level travel time spent in this place.
 D = Time resting spent in this place.
 E = Time spent auto-exploring this place.
 F = Levels seen in this place.
 G = Mean time per level.
                   A        B        C        D        E       F      G
               +--------+--------+--------+--------+--------+-----+--------+
         Total |    991 |    991 |      0 |      0 |    845 |   2 |  495.5 |
       Dungeon |    991 |    991 |      0 |      0 |    845 |   2 |  495.5 |
               +--------+--------+--------+--------+--------+-----+--------+

Top non-repeatable levels by time:
     D:1: 948 daAuts
     D:2: 43 daAuts
